 Dungeon Crawl Stone Soup version 0.31-a0-1074-g0b22e4e0f1 (webtiles) character file.

Game seed: 2279057013693691434

336 lunkers the Ruffian (level 7, -2/44 HPs)
             Began as a Meteoran Shapeshifter on Nov 28, 2023.
             Slain by a killer bee (5 damage)
             ... on level 6 of the Dungeon.
             The game lasted 00:03:34 (1338 turns).

lunkers the Ruffian (Meteoran Shapeshifter)         Turns: 1338, Time: 00:03:34

Health: -2/44      AC:  9    Str: 16    XL:     7   Next: 10%
Magic:  8/8        EV: 11    Int: 12    God:
Gold:   137        SH:  0    Dex: 15    Spells: 6/6 levels left

rFire   . .          .
                       - Unarmed
rCold   . . .        (shield currently unavailable)
rNeg    . . .        p - +0 ring mail
rPois   +            (no helmet)
rElec   .            u - +2 cloak {rPois}
rCorr   .            v - +0 pair of gloves
SInv    .            (no boots)
Will    .....        (no amulet)
Stlth   +            l - ring of wizardry
HPRegen 0.27/turn    (no ring)
MPRegen 0.11/turn

%: wizardry (x1)
@: flux-form, glowing
A: glow, contaminating, reduced hp, sense surroundings 1, otherworldly, glowing,
explore regen
a: Begin Untransformation


You were on level 6 of the Dungeon.
You were something dangerously unstable.
You visited 1 branch of the dungeon, and saw 5 of its levels.

You collected 137 gold pieces.

Inventory:

Armour
 o - a +0 buckler
 p - a +0 ring mail (worn)
 u - a +2 cloak of poison resistance (worn)
 v - a +0 pair of gloves (worn)
Jewellery
 l - a ring of wizardry (left hand)
Talismans
 c - a beast talisman
 d - a flux talisman (active)
Wands
 w - a wand of charming (8)
Scrolls
 a - a scroll of vulnerability {unknown}
 e - 2 scrolls of fear {unknown}
 f - 2 scrolls of poison {unknown}
 h - 2 scrolls of teleportation {unknown}
 j - a scroll of fog {unknown}
 k - a scroll of immolation {unknown}
 m - a scroll of amnesia {unknown}
 s - a scroll of identify {unknown}
 t - a scroll of brand weapon {unknown}
Potions
 b - a potion of lignification
 g - 2 potions of might {unknown}
 i - a potion of curing {unknown}
 n - a potion of brilliance {unknown}
 q - 2 potions of invisibility {unknown}
 r - a potion of ambrosia {unknown}
 x - a potion of haste {unknown}
 z - a potion of enlightenment {unknown}


   Skills:
 - Level 1.1 Fighting
 - Level 2.1 Dodging
 * Level 7.3 Unarmed Combat
 + Level 5.4 Shapeshifting


You had 6 spell levels left.
You didn't know any spells.
Your spell library was empty.

Dungeon Overview and Level Annotations

Branches:
Dungeon (4/15) Zot: 1678
 Temple: D:4-7

Altars:
Cheibriados


Innate Abilities, Weirdness & Mutations

You are something dangerously unstable.
You glow with magical radiation, making you easy to see and hit.
Foes you strike become dangerously contaminated with magical radiation.
Your maximum health is decreased, since you lack skill for your form.
You are incapable of wielding weapons or throwing items.
You passively map a small area around you.
You are easily found by Zot.
You glow in the dark.
You regain HP and MP as you explore.


Message History

The killer bee stings you but does no damage. x2
Your Unarmed Combat skill increases to level 7!
Unknown command.
Unknown command.
You hit the killer bee.
The killer bee begins to glow.
The killer bee is moderately wounded.
The killer bee stings you but does no damage.
The killer bee stings you. The killer bee closely misses you.
The killer bee barely misses you.
The killer bee stings you but does no damage.
The killer bee closely misses you.
Unknown command.
You hit the killer bee.
The killer bee glows dangerously bright.
The killer bee is heavily wounded.
The killer bee stings you.
* * * LOW HITPOINT WARNING * * *
The killer bee stings you.
* * * LOW HITPOINT WARNING * * *
The killer bee closely misses you. The killer bee stings you!
* * * LOW HITPOINT WARNING * * *
The killer bee closely misses you. The killer bee stings you.
* * * LOW HITPOINT WARNING * * *
You hit the killer bee.
The killer bee shudders as magic cascades through it!
You kill the killer bee!
The killer bee stings you but does no damage. x2
The killer bee stings you.
* * * LOW HITPOINT WARNING * * *
You have reached level 7!
You barely miss the killer bee. The killer bee stings you.
* * * LOW HITPOINT WARNING * * *
The killer bee stings you.
* * * LOW HITPOINT WARNING * * *
The killer bee closely misses you. x2
The killer bee stings you but does no damage. x2
You closely miss the killer bee.
The killer bee stings you but does no damage.
The killer bee stings you.
You die...

#.#.# #.#.#
#.#.#
###.#.#
####.....#
#........#
#..[.....#
..........#
##......yp#
#......yy#
#.........
* *
#...#####..
*, #### ##.
* ,.. , , ,
.. , ..


You could see 3 killer bees.

Vanquished Creatures
  An ogre (D:6)
  A killer bee (D:6)
  A hound (D:3)
  An orc priest (D:4)
  2 orc wizards (D:3)
  2 adders
  A worm (D:2)
  2 dart slugs (D:2)
  5 orcs
  6 endoplasms
  6 giant cockroaches
  3 goblins
  6 hobgoblins
  7 kobolds
  2 quokkas
  3 ball pythons
  4 bats
  3 frilled lizards
  5 rats
61 creatures vanquished.

Notes
Turn   | Place    | Note
-------+----------+-------------------------------------------
     0 | D:1      | lunkers the Meteoran Shapeshifter began the quest for the
                  | Orb.
     0 | D:1      | Reached XP level 1. HP: 16/16 MP: 2/2
   126 | D:1      | Reached XP level 2. HP: 23/23 MP: 3/3
   130 | D:1      | Reached skill level 4 in Unarmed Combat
   193 | D:1      | Reached XP level 3. HP: 4/28 MP: 4/4
   465 | D:2      | Reached XP level 4. HP: 4/35 MP: 5/5
   674 | D:2      | Reached skill level 5 in Unarmed Combat
   809 | D:2      | Found a faded altar of an unknown god.
  1018 | D:3      | Reached XP level 5. HP: 28/40 MP: 6/6
  1050 | D:3      | Reached skill level 6 in Unarmed Combat
  1132 | D:3      | Reached XP level 6. HP: 33/47 MP: 7/7
  1291 | D:4      | Reached skill level 5 in Shapeshifting
  1298 | D:4      | Found a snail-covered altar of Cheibriados.
  1318 | D:4      | You fall into a shaft and drop 2 floors!
  1324 | D:6      | Noticed an ogre
  1333 | D:6      | Killed an ogre
  1334 | D:6      | Reached skill level 7 in Unarmed Combat
  1337 | D:6      | Reached XP level 7. HP: 6/52 MP: 8/8
  1337 | D:6      | HP: 2/44 [killer bee (3)]
  1338 | D:6      | Slain by a killer bee

Illustrated notes

Levels and vault maps discovered:
D:1:      roadster_arrival_rocket_small, layout_basic
D:2:      layout_basic, basic_ecumenical_altar
D:3:      layout_rooms, minmay_door_square, minmay_goblin_kobold_house
D:4:      layout_loops_ring, mainiacjoe_overflow_chevrons, fedhas_ov_isle_minmay
D:6:      layout_basic

Skill      XL: |  1  2  3  4  5  6 |
---------------+-------------------+-----
Unarmed Combat | 4 5 6 7 |  7.3
Shapeshifting  | 4 5 |  5.4
Fighting       | |  1.1
Dodging        | |  2.1

Action                     |  1- 3 |  4- 6 |  7- 9 || total
---------------------------+-------+-------+-------++-------
  Melee: Unarmed           |    76 |    93 |     2 ||   171
         Punch             |     2 |     1 |       ||     3
 Armour: Animal skin       |    40 |       |       ||    40
         Ring mail         |       |    56 |     6 ||    62
  Dodge: Dodged            |    37 |    51 |     2 ||    90
   Form: Flux              |       |     1 |       ||     1

Table legend: (Time is in decaauts)
 A = Elapsed time spent in this place.
 B = Non-inter-level travel time spent in this place.
 C = Inter-level travel time spent in this place.
 D = Time resting spent in this place.
 E = Time spent auto-exploring this place.
 F = Levels seen in this place.
 G = Mean time per level.
                   A        B        C        D        E       F      G
               +--------+--------+--------+--------+--------+-----+--------+
         Total |   1321 |   1276 |     45 |      0 |    821 |   5 |  264.2 |
       Dungeon |   1321 |   1276 |     45 |      0 |    821 |   5 |  264.2 |
               +--------+--------+--------+--------+--------+-----+--------+

Top non-repeatable levels by time:
     D:2: 429 daAuts
     D:1: 394 daAuts
     D:3: 338 daAuts
     D:4: 140 daAuts
     D:6: 18 daAuts
